AoeStats
← Soltan

Arena

504452102Analyzed
3v3 RM · 26d ago on Sep 5, 2026· 39m 28s· 6 players
Game mode
Random Map
Map size
Normal (6 player)
Population
200
Speed
Normal
Resources
Standard
Victory
Conquest
Starting age
Dark Age
Ending age
Imperial Age
RankedLock teamsTeams togetherTeam positionsShared explorationLock speedFull tech treeHidden civsTurbo modeCheats
Victory
Defeat
🇹🇼 Turks · Taiwan
1204
+17
🇪🇸 Ethiopians · Spain
1194
+18
🇪🇸 Japanese · Spain
1169
+19
🇷🇺 Hindustanis · Russia
1385
-25
🇹🇷 Italians · Türkiye
1158
-15
🇷🇺 Spanish · Russia
1146
-14
Romans
11:09 Feudal Age
15:05 Castle Age
13:53 Loom
13:57 Loom
14:16 Double-Bit Axe
14:21 Horse Collar
16:05 Loom
17:00 Heavy Plow
17:14 Bow Saw
22:47 Gold Mining
25:40 Gold Shaft Mining
25:00 Town Watch
27:37 Wheelbarrow
29:59 Imperial Age
28:40 Hand Cart
28:53 Thumb Ring
28:08 Crossbowman
29:15 Ballistics
28:51 Murder Holes
28:48 Fletching
28:59 Padded Archer Armor
29:31 Fortified Wall
29:32 Masonry
29:23 Stone Mining
30:09 Bodkin Arrow
31:57 Chemistry
31:03 Siege Engineers
30:26 Capped Ram
30:31 Arbalester
32:27 Torsion Engines
32:51 Conscription
35:05 Forging
34:56 Bracer
34:56 Scale Mail Armor
35:12 Leather Archer Armor
39:04 Iron Casting
38:33 Elite Shotel Warrior
The Elmo
12:10 Feudal Age
16:19 Castle Age
14:32 Loom
14:41 Double-Bit Axe
15:03 Stone Mining
15:13 Horse Collar
16:29 Gold Mining
17:35 Wheelbarrow
17:46 Bow Saw
17:40 Town Watch
29:08 Heavy Plow
30:32 Fortified Wall
34:19 Imperial Age
32:50 Hand Cart
32:39 Padded Archer Armor
33:44 Leather Archer Armor
33:59 Bloodlines
33:49 Husbandry
34:25 Scale Barding Armor
35:29 Conscription
36:44 Chain Barding Armor
36:59 Fletching
38:31 Plate Barding Armor
38:07 Forging
38:54 Bombard Tower
38:30 Murder Holes
38:46 Masonry
39:01 Town Patrol
39:38 Gold Shaft Mining
39:44 Artillery
40:20 Hoardings
Escumish
12:27 Feudal Age
14:17 Wheelbarrow
13:30 Double-Bit Axe
13:28 Horse Collar
13:41 Gold Mining
15:01 Loom
18:38 Castle Age
17:39 Scale Mail Armor
18:31 Forging
19:35 Hand Cart
19:32 Bow Saw
19:37 Town Watch
19:41 Arson
19:58 Squires
20:05 Heavy Plow
20:32 Squires
26:36 Chain Mail Armor
27:24 Iron Casting
34:35 Imperial Age
34:49 Gold Shaft Mining
34:06 Stone Mining
37:09 Conscription
38:36 Blast Furnace
39:48 Plate Mail Armor
39:01 Capped Ram
Soltan
11:01 Feudal Age
14:40 Castle Age
13:18 Horse Collar
14:30 Double-Bit Axe
18:13 Loom
21:30 Wheelbarrow
24:09 Gold Mining
24:31 Bow Saw
24:22 Heavy Plow
29:58 Imperial Age
27:47 Hand Cart
27:50 Forging
28:01 Scale Mail Armor
28:06 Squires
29:57 Iron Casting
29:37 Chain Mail Armor
29:39 Arson
30:21 Capped Ram
32:53 Blast Furnace
32:24 Plate Mail Armor
YouteGG_Togin_Shi
11:11 Feudal Age
15:06 Castle Age
13:14 Horse Collar
13:38 Double-Bit Axe
19:54 Loom
20:57 Wheelbarrow
21:32 Bow Saw
22:26 Heavy Plow
23:57 Forging
24:01 Gold Mining
24:26 Scale Barding Armor
25:38 Bloodlines
25:29 Husbandry
26:09 Gold Shaft Mining
26:01 Stone Mining
26:48 Chain Barding Armor
27:06 Hand Cart
27:36 Iron Casting
28:40 Fletching
28:47 Town Watch
29:14 Scale Mail Armor
32:21 Town Watch
40:14 Imperial Age
38:03 Masonry
38:43 Stone Shaft Mining
Rasil
11:28 Feudal Age
16:33 Castle Age
15:58 Double-Bit Axe
16:14 Horse Collar
21:08 Bow Saw
25:27 Town Watch
32:53 Heavy Plow
33:23 Pikeman
34:04 Squires
38:24 Inquisition
41:18 Imperial Age
Connection lost

Rejoining the realm…

Still unreachable

The connection could not be restored.

Session expired

The server has moved on; the page needs a fresh start.